 Dungeon Crawl Stone Soup version 0.22.1-2-g9c5b331 (webtiles) character file.

12033 dvd the Cleaver (level 11, -1/86 (87) HPs)
             Began as a Minotaur Gladiator on Nov 29, 2018.
             Was the Champion of Ru.
             Killed by divine providence
             ... invoked by an orc high priest
              (11 damage)
             ... on level 2 of the Orcish Mines.
             The game lasted 00:29:32 (12349 turns).

dvd the Cleaver (Minotaur Gladiator)               Turns: 12349, Time: 00:29:32

HP:   -1/86 (87)    AC: 15    Str: 20    XL:     11   Next: 57%
MP:   0/8           EV: 10    Int:  5    God:    Ru [******]
Gold: 605           SH:  0    Dex: 14    Spells: 10/10 levels left

rFire    + . .     SeeInvis .   Q - +5 battleaxe
rCold    + . .     Gourm    +   (shield currently unavailable)
rNeg     . . .     Faith    .   y - +1 scale mail "Aphunail" {+Inv rF+} (curse)
rPois    .         Spirit   +   c - +2 hat
rElec    .         Reflect  .   U - scarf {Spirit}
rCorr    .         Harm     .   v - +2 pair of gloves
MR       .....                  B - +0 pair of boots (curse)
Stlth    +.........             I - amulet of the gourmand
HPRegen  0.24/turn              A - ring of protection from cold
MPRegen  0.11/turn              S - +1 ring of evasion

@: exhausted, drained
A: retaliatory headbutt, horns 2, frail 1, low mp 1, inability to train dodging,
no conjurations magic, no hexes magic, no ice magic, unskilled 1
a: Draw Out Power, Power Leap, Apocalypse, Renounce Religion, Evoke Invisibility


You were on level 2 of the Orcish Mines.
You worshipped Ru.
Ru was exalted by your worship.
You were completely stuffed.

You visited 2 branches of the dungeon, and saw 12 of its levels.

You collected 1079 gold pieces.
You spent 474 gold pieces at shops.

Inventory:

Hand Weapons
 a - a +0 war axe
 b - a +1 flail of holy wrath
 m - a +0 spear of piercing
 u - a +2 whip of holy wrath
 x - the +0 war axe of Ossiemp {drain, rElec rF+ Int+3 Stlth-}
   (You found it on level 6 of the Dungeon)

   A truly terrible weapon, it drains the life of those it strikes.
   It affects your intelligence (+3).
   It protects you from fire.
   It insulates you from electricity.
   It makes you less stealthy.
 C - a +0 mace of draining
 F - a +0 glaive of venom
 L - a +2 whip of flaming
 P - a +0 flail of protection
 Q - a +5 battleaxe (weapon)
 R - a +3 morningstar
Missiles
 d - 3 throwing nets (quivered)
 N - 8 tomahawks
Armour
 c - a +2 hat (worn)
 h - a +0 scale mail of cold resistance
 i - a +0 pair of boots
 l - the +1 scale mail of Umpeicum {Int+7}
   (You found it on level 8 of the Dungeon)

   It affects your intelligence (+7).
 v - a +2 pair of gloves (worn)
 y - the cursed +1 scale mail "Aphunail" (worn) {+Inv rF+}
   (You bought it in a shop on level 8 of the Dungeon)

   It protects you from fire.
   It lets you turn invisible.
   It has a curse placed upon it.
 B - a cursed +0 pair of boots (worn)
 G - a +0 troll leather armour
 K - a +2 leather armour of fire resistance
 U - a scarf of spirit shield (worn)
Jewellery
 A - a ring of protection from cold (left hand)
 I - an amulet of the gourmand (around neck)
 S - a +1 ring of evasion (right hand)
 T - an uncursed ring of flight
Wands
 z - a wand of paralysis (26)
 D - a wand of flame (17)
 E - a wand of acid (12)
 H - a wand of digging (16)
 J - a wand of enslavement (9)
 M - a wand of polymorph (11)
 O - a wand of scattershot (3)
Scrolls
 e - 3 scrolls of teleportation
 j - 2 scrolls of fog
 o - 4 scrolls of fear
 s - 7 scrolls of identify
 t - 3 scrolls of magic mapping
 w - 7 scrolls of remove curse
Potions
 g - 4 potions of might
 k - a potion of cancellation
 n - 2 potions of heal wounds
 p - 8 potions of curing
 r - a potion of agility
Comestibles
 f - 25 rations
 q - a chunk of flesh


   Skills:
 + Level 9.5(8.5) Fighting
 + Level 14.5(13.3) Axes
 + Level 2.2(1.4) Throwing
 + Level 8.8(7.8) Armour
 + Level 3.1(2.3) Stealth


You had 10 spell levels left.
You didn't know any spells.
Your spell library contained the following spells:

 Spells                   Type           Power        Failure   Level  Hunger
 Animate Skeleton         Necr           N/A          80%         1    ##.....
 Apportation              Tloc           #.....       80%         1    ##.....
 Sandblast                Erth           #.....       80%         1    ##.....
 Summon Small Mammal      Summ           #...         80%         1    ##.....
 Passwall                 Tmut/Erth      #.......     90%         2    ###....
 Poisonous Vapours        Pois/Air       #.....       90%         2    ###....
 Petrify                  Tmut/Erth      #.......     100%        4    #####..
 Lee's Rapid Deconstruct  Erth           #.........   100%        5    ######.
 Ring of Flames           Chrm/Fire      #.........   100%        7    #######
 Confusing Touch          Hex            Unusable     N/A         1    N/A
 Conjure Flame            Conj/Fire      Unusable     N/A         3    N/A
 Mephitic Cloud           Conj/Pois/Air  Unusable     N/A         3    N/A
 Stone Arrow              Conj/Erth      Unusable     N/A         3    N/A
 Freezing Cloud           Conj/Ice/Air   Unusable     N/A         6    N/A

Dungeon Overview and Level Annotations

Branches:
Dungeon (10/15)            Temple (0/1) D:5            Lair (0/6) D:10
    Orc (2/2) D:10            Elf (0/3) Orc:2

Altars:
Cheibriados
Elyvilon
Gozag
Okawaru
Ru
Sif Muna
Trog
Vehumet
Xom
Yredelemnul

Shops:
D:8 ([![   D:9 [   D:10 ([

Annotations:
D:7 2 transporters


Innate Abilities, Weirdness & Mutations

You reflexively headbutt those who attack you in melee.
You have a pair of horns on your head.
You are frail. (-10% HP)
Your magical capacity is low. (-10% MP)
You cannot train Dodging skill.
You cannot study or cast Conjurations magic.
You cannot study or cast Hexes magic.
You cannot study or cast Ice magic.
You are somewhat unskilled. (-1 Apt)


Message History

The orc warrior goes into a battle-frenzy!
The orc knight roars a battlecry!
The orc warrior hits you from afar with a trident.
The hellwing hits you but does no damage.
The hellwing hits you.
The orc priest mumbles some strange prayers to Beogh against you.
Beogh smites you!
* * * LOW HITPOINT WARNING * * *
The hellwing hits you!
* * * LOW HITPOINT WARNING * * *
You focus your will and blind the hellwing in retribution!
The hellwing closely misses you.
The orc high priest no longer looks unusually strong.
The red devil disappears in a puff of smoke!
The orc knight begins to attack, but is stunned by your will!
The hellwing is no longer blind.
The orc priest begins to pray, but is stunned by your will!
The orc high priest invokes the aid of Beogh against you.
Beogh smites you!
You die...

.....#....## ##........###
#...[....o.###...........##
........o.o..#............##
..^.......oo§..............##
.........###o....#.##.......##
.........###.....## #........#
.........##..o4...###.......##
......#.####.......#.......##
.....#### ##...@.........##
....## ##.#.........## ...##
###.......### ....# #.<....##
...## ##.....# #### ##...##
##.## ###


You could see 2 orc knights, an orc high priest, a hellwing, an orc warrior, an
orc priest and an orc.

Vanquished Creatures
  An orc high priest (Orc:2)
  2 orc knights (Orc:1)
  Pikel (D:6)
  An ugly thing (D:9)
  A centaur zombie (D:9)
  Joseph (D:9)
  4 trolls
  2 hippogriffs (D:9)
  Eustachio (D:6)
  A human (D:7)
  2 hungry ghosts
  4 hogs (D:7)
  A warg (Orc:1)
  A porcupine (D:10)
  A water moccasin (D:5)
  3 ice beasts
  4 slaves
  21 orc warriors
  3 sky beasts
  A necrophage (D:8)
  2 phantoms
  6 ogres
  3 centaurs
  A big kobold (D:7)
  A gnoll sergeant (D:8)
  5 bullfrogs
  4 scorpions
  8 howler monkeys
  13 wights
  2 crimson imps
  A quasit (D:6)
  2 jellies
  13 orc priests
  2 hounds
  9 orc wizards
  A centaur skeleton (D:2)
  Natasha (D:2)
  11 worker ants
  5 iguanas
  11 gnolls
  8 adders
  2 shadow imps
  An ooze (D:4)
  2 leopard geckos
  49 orcs
  A ball python (D:5)
  7 giant cockroaches
  7 hobgoblins
  7 quokkas
  9 bats
  3 frilled lizards
  6 goblins
  3 jackal skeletons
  9 kobolds
  A quokka zombie (D:5)
  5 rats
277 creatures vanquished.

Vanquished Creatures (others)
  An orc sorcerer (Orc:1)
  An orc (D:7)
2 creatures vanquished.

Grand Total: 279 creatures vanquished

Notes
Turn   | Place    | Note
-------+----------+-------------------------------------------
     0 | D:1      | dvd the Minotaur Gladiator began the quest for the Orb.
     0 | D:1      | Reached XP level 1. HP: 18/18 MP: 0/0
   106 | D:1      | Reached skill level 4 in Axes
   117 | D:1      | Reached XP level 2. HP: 22/25 MP: 1/1
   512 | D:2      | Reached XP level 3. HP: 24/30 MP: 2/2
   865 | D:2      | Found a sacrificial altar of Ru.
   873 | D:2      | Became a worshipper of Ru the Awakened
  1105 | D:2      | Reached XP level 4. HP: 36/38 MP: 3/3
  1199 | D:2      | Noticed Natasha
  1203 | D:2      | Killed Natasha
  1203 | D:2      | Reached skill level 5 in Axes
  1203 | D:2      | Reached skill level 1 in Armour
  1749 | D:3      | Found a deep blue altar of Sif Muna.
  1983 | D:3      | Reached XP level 5. HP: 40/45 MP: 4/4
  2081 | D:3      | Gained mutation: You cannot train Dodging skill. [Ru
                  | sacrifice]
  2081 | D:3      | Reached * piety under Ru
  2199 | D:3      | Found a shimmering altar of Xom.
  3116 | D:4      | Reached XP level 6. HP: 36/52 MP: 5/5
  3120 | D:4      | Reached skill level 6 in Axes
  3424 | D:4      | HP: 2/52 [orc priest/divine providence (13)]
  3872 | D:4      | Found a radiant altar of Vehumet.
  4150 | D:5      | Entered Level 5 of the Dungeon
  4210 | D:5      | Noticed a water moccasin
  4218 | D:5      | Killed a water moccasin
  4218 | D:5      | Reached skill level 7 in Axes
  4218 | D:5      | Reached XP level 7. HP: 50/59 MP: 6/6
  4294 | D:5      | Found a staircase to the Ecumenical Temple.
  5085 | D:5      | Reached skill level 8 in Axes
  5085 | D:5      | Reached skill level 5 in Armour
  5269 | D:6      | Gained mutation: You are frail. (-10% HP) [Ru sacrifice]
  5269 | D:6      | Reached ** piety under Ru
  5269 | D:6      | Reached *** piety under Ru
  5321 | D:6      | Noticed Eustachio
  5340 | D:6      | Killed Eustachio
  5340 | D:6      | Reached skill level 5 in Fighting
  5340 | D:6      | Reached XP level 8. HP: 35/61 MP: 7/7
  5674 | D:6      | Reached skill level 9 in Axes
  5715 | D:6      | Noticed Pikel
  6073 | D:6      | Killed Pikel
  6073 | D:6      | Reached skill level 1 in Stealth
  6209 | D:6      | Got a jewelled war axe
  6210 | D:6      | Identified the cursed +0 war axe of Ossiemp {drain, rElec
                  | rF+ Int+3 Stlth-} (You found it on level 6 of the Dungeon)
  6248 | D:6      | Reached skill level 10 in Axes
  6995 | D:7      | Found a white marble altar of Elyvilon.
  6995 | D:7      | Found a bloodstained altar of Trog.
  6995 | D:7      | Found an opulent altar of Gozag.
  6997 | D:7      | Noticed a yaktaur captain
  6998 | D:7      | Noticed a hornet
  6999 | D:7      | Found a transporter.
  7004 | D:7      | Reached XP level 9. HP: 61/70 MP: 8/8
  7035 | D:7      | Found a transporter.
  7054 | D:7      | Found a snail-covered altar of Cheibriados.
  7084 | D:7      | Found a basalt altar of Yredelemnul.
  7359 | D:7      | Reached skill level 11 in Axes
  7640 | D:7      | Reached skill level 12 in Axes
  7669 | D:7      | Gained mutation: You cannot study or cast Ice magic. [Ru
                  | sacrifice]
  7669 | D:7      | Gained mutation: You cannot study or cast Hexes magic. [Ru
                  | sacrifice]
  7669 | D:7      | Gained mutation: You cannot study or cast Conjurations
                  | magic. [Ru sacrifice]
  7669 | D:7      | Reached **** piety under Ru
  7872 | D:8      | Got a distressingly furry scale mail
  7883 | D:8      | Identified the cursed +1 scale mail of Umpeicum {Int+7}
                  | (You found it on level 8 of the Dungeon)
  7889 | D:8      | Found Cuf Hual's Armour Emporium.
  8132 | D:8      | Found Jeinann's Distillery.
  8146 | D:8      | Bought a potion of heal wounds for 60 gold pieces
  8203 | D:8      | Reached XP level 10. HP: 59/80 MP: 9/9
  8264 | D:8      | Found Weur's Antique Armour Shoppe.
  8301 | D:8      | Found Naadiem's Antique Weapon Emporium.
  8572 | D:8      | Bought a pair of runed gloves for 135 gold pieces
  8572 | D:8      | Bought a heavily runed scale mail for 162 gold pieces
  8587 | D:8      | Identified the cursed +1 scale mail "Aphunail" {+Inv rF+}
                  | (You bought it in a shop on level 8 of the Dungeon)
  8810 | D:9      | Found an iron altar of Okawaru.
  8814 | D:9      | Noticed Joseph
  9566 | D:9      | Noticed a brown ugly thing
  9687 | D:9      | Found Siuqaaw's Antique Armour Emporium.
  9696 | D:8      | Reached skill level 13 in Axes
  9951 | D:9      | Killed Joseph
 10034 | D:9      | Killed a brown ugly thing
 10034 | D:9      | Reached skill level 14 in Axes
 10408 | D:10     | Entered Level 10 of the Dungeon
 10411 | D:10     | Found a staircase to the Orcish Mines.
 10419 | D:10     | Found Lazyitod's Armour Emporium.
 10669 | D:10     | Found Remuav's Antique Weapon Shoppe.
 10678 | D:10     | Gained mutation: You are somewhat unskilled. (-1 Apt) [Ru
                  | sacrifice]
 10678 | D:10     | Reduced skill Axes to level 13
 10678 | D:10     | Reached ***** piety under Ru
 10752 | D:10     | Reached XP level 11. HP: 62/84 MP: 10/10
 10854 | D:10     | Found a staircase to the Lair.
 11160 | D:10     | Bought a scarf of spirit shield for 117 gold pieces
 11466 | Orc:1    | Entered Level 1 of the Orcish Mines
 11466 | Orc:1    | Noticed an orc knight
 11474 | Orc:1    | Killed an orc knight
 11480 | Orc:1    | Noticed an orc sorcerer
 11618 | Orc:1    | Killed an orc sorcerer
 11618 | Orc:1    | Reached skill level 14 in Axes
 11697 | Orc:1    | Noticed an orc knight
 11711 | Orc:1    | Killed an orc knight
 12092 | Orc:2    | Entered Level 2 of the Orcish Mines
 12208 | Orc:2    | Found a staircase to the Elven Halls.
 12314 | Orc:2    | Gained mutation: Your magical capacity is low. (-10% MP)
                  | [Ru sacrifice]
 12314 | Orc:2    | Reached ****** piety under Ru
 12317 | Orc:2    | Noticed an orc high priest
 12320 | Orc:2    | Noticed an orc high priest
 12322 | Orc:2    | Killed an orc high priest
 12323 | Orc:2    | Noticed a sixfirhy
 12324 | Orc:2    | Noticed an orc knight
 12325 | Orc:2    | Noticed a sun demon
 12327 | Orc:2    | Noticed an orc knight
 12349 | Orc:2    | Killed from afar by an orc high priest

Skill      XL: |  1  2  3  4  5  6  7  8  9 10 11 |
---------------+----------------------------------+-----
Axes           | 4 5 7 8 10 12 13 14 | 14.5
Dodging        | 4 0 |  0.0
Fighting       | 3 4 5 6 8 8 9 |  9.5
Armour         | 2 3 4 5 7 7 8 |  8.8
Stealth        | 1 2 3 |  3.1
Throwing       | |  2.2

Action                   |  1- 3 |  4- 6 |  7- 9 | 10-12 || total
-------------------------+-------+-------+-------+-------++-------
Melee: War axe           |    48 |    98 |   228 |       ||   374
       Headbutt          |    11 |    16 |    45 |    42 ||   114
       Battleaxe         |       |       |    45 |   212 ||   257
Throw: Throwing net      |       |       |     1 |     2 ||     3
Invok: Sacrifice Nimblen |       |     1 |       |       ||     1
       Draw Out Power    |       |       |     2 |     2 ||     4
       Sacrifice Health  |       |       |     1 |       ||     1
       Sacrifice Arcana  |       |       |     1 |       ||     1
       Sacrifice Skill   |       |       |       |     1 ||     1
       Apocalypse        |       |       |       |     2 ||     2
       Sacrifice Essence |       |       |       |     1 ||     1
  Use: Potion            |       |       |     8 |       ||     8
       Scroll            |       |       |    13 |     1 ||    14
 Stab: Distracted        |       |       |     1 |       ||     1
       Invisible         |       |       |     2 |     1 ||     3
       Sleeping          |       |       |     1 |       ||     1
       Held in net/web   |       |       |       |     1 ||     1
       Paralysed         |       |       |       |     9 ||     9
  Eat: Chunk             |     1 |     9 |    36 |    21 ||    67
Armor: Leather armour    |    20 |     6 |    56 |       ||    82
       Chain mail        |       |     8 |       |       ||     8
       Ring mail         |       |    28 |    33 |       ||    61
       Scale mail        |       |       |    12 |   136 ||   148
Dodge: Dodged            |    28 |    54 |   145 |   101 ||   328
